 Dungeon Crawl Stone Soup version 0.30-a0-170-g85af917532 (webtiles) character file.

Game seed: 12586863000468403907

30 qw the Shield-Bearer (level 3, -2/23 HPs)
             Began as a Gargoyle Fighter on Oct 1, 2022.
             Slain by a goblin
             ... wielding a +0 club
             ... led by Robin
              (3 damage)
             ... on level 2 of the Dungeon.
             The game lasted 00:00:20 (1188 turns).

qw the Shield-Bearer (Gargoyle Fighter)             Turns: 1188, Time: 00:00:21

Health: -2/23      AC: 10    Str: 21    XL:     3   Next: 18%
Magic:  3/3        EV:  9    Int:  8    God:
Gold:   35         SH:  4    Dex:  9    Spells: 2/2 levels left

rFire   . . .      SeeInvis .    Y - +0 war axe
rCold   . . .      Faith    .    c - +0 buckler
rNeg    + . .      Spirit   .    b - +0 scale mail
rPois   inf        Reflect  .    (no helmet)
rElec   +          Harm     .    (no cloak)
rCorr   .          Rampage  .    (no gloves)
Will    .....                    (no boots)
Stlth   ..........               (no amulet)
HPRegen 0.07/turn                (no ring)
MPRegen 0.08/turn                (no ring)

@: no status effects
A: sickness immunity, AC +3, negative energy resistance 1, electricity
resistance, torment resistance 1, petrification resistance
a: no special abilities


You were on level 2 of the Dungeon.
You visited 1 branch of the dungeon, and saw 2 of its levels.

You collected 35 gold pieces.


Innate Abilities, Weirdness & Mutations

You are immune to sickness and miasma.
Your stone body is resilient. (AC +3)
You are immune to poison.
You resist negative energy. (rN+)
You are resistant to electric shocks. (rElec)
You are resistant to unholy torment.
You are immune to petrification.


   Skills:
 - Level 3.2 Fighting
 + Level 3.2 Axes
 - Level 3.2 Armour
 - Level 3.2 Shields


You had 2 spell levels left.
You didn't know any spells.
Your spell library was empty.

Inventory:

Hand Weapons
 a - a +0 hammer
 Y - a +0 war axe (weapon)
Armour
 b - a +0 scale mail (worn)
 c - a +0 buckler (worn)
 g - a +0 pair of gloves
Potions
 d - a potion of might
 e - a potion of lignification
 f - a potion of curing

Dungeon Overview and Level Annotations

Branches:
Dungeon (2/15)

Altars:

Annotations:
D:2 1 runed translucent door, Crazy Yiuf, Robin


Message History

The goblin hits you with a +0 vampiric dagger.
You have reached level 3!
Your experience leads to an increase in your attributes!
Increase (S)trength, (I)ntelligence, or (D)exterity?
You feel stronger. x2
You closely miss the goblin.
The ball python hisses angrily.
You slash the goblin!
You kill the goblin!
You closely miss the goblin. You hit the goblin. You slash the goblin!
You kill the goblin!
You hit the goblin.
You kill the goblin!
The goblin hits you but does no damage. x2; You block the goblin's attack.
A giant cockroach comes into view.
The goblin unwields a +0 sling.
The goblin wields a +0 club.
The goblin hits you with a +0 club.
You hit the goblin.
You kill the goblin!
You closely miss the goblin. You hit the goblin. You barely miss the goblin.
You block the goblin's attack. The goblin hits you but does no damage.
Robin throws the goblin at you! The goblin hits you but does no damage.
You barely miss the goblin.
The goblin is severely wounded.
You hit the goblin but do no damage. You hit the hobgoblin but do no damage.
You completely miss the goblin. The goblin hits you but does no damage.
The hobgoblin hits you but does no damage.
The goblin hits you with a +0 club.
The goblin hits you but does no damage. x2
The hobgoblin hits you. Robin hits you with a +0 whip.
The goblin hits you but does no damage.
You closely miss the goblin.
The goblin is severely wounded.
You closely miss the goblin. You slash the goblin!
You kill the goblin!
You completely miss Robin. You completely miss the hobgoblin.
The goblin hits you with a +0 club. The goblin barely misses you.
You block the hobgoblin's attack. You block Robin's attack.
The goblin hits you with a +0 club.
You die...

#.# #.# #.# #.# #
#####.####### ###.
#...........#
.....####.###(#####.#
#.....g)g).>..# #.#
....BSg@).##### #.#
......g#### #.#
......g ###.####
....... #####.......
....... ........####
.....#. #####...####
.....## ###.....
..... ######


You could see Robin, a giant cockroach, a hobgoblin (strong), 3 goblins and a
ball python.

Vanquished Creatures
  2 ball pythons (D:1)
  An endoplasm (D:1)
  A giant cockroach (D:2)
  3 hobgoblins
  2 jackals (D:1)
  2 quokkas
  3 frilled lizards
  9 goblins (D:2)
  A kobold (D:2)
  2 rats (D:1)
26 creatures vanquished.

Notes
Turn   | Place    | Note
-------+----------+-------------------------------------------
     0 | D:1      | qw the Gargoyle Fighter began the quest for the Orb.
     0 | D:1      | Reached XP level 1. HP: 14/14 MP: 1/1
     0 | D:1      | 0 ||| qw: Version: 0.2-a-13-gfc7b4b4
     0 | D:1      | 0 ||| qw: Game counter: 1713
     0 | D:1      | 0 ||| qw: Always use a shield: true
     0 | D:1      | 0 ||| qw: God list: Okawaru
     0 | D:1      | 0 ||| qw: Allow faded altars: false
     0 | D:1      | 0 ||| qw: Do Orc after D:15 true
     0 | D:1      | 0 ||| qw: Do second Lair branch before Depths: true
     0 | D:1      | 0 ||| qw: Lair rune preference: random
     0 | D:1      | 0 ||| qw: Plans: Normal, Zot:1-4, God:TSO, Crypt, Tomb,
                  | Pan, Slime:5, Hells, Abyss, Orb
     0 | D:1      | 0 ||| PLANNING D:1-11
   104 | D:1      | 104 ||| Stepping ~*~*~tactically~*~*~ (stealth).
   105 | D:1      | 105 ||| Stepping ~*~*~tactically~*~*~ (stealth).
   204 | D:1      | 204 ||| Stepping ~*~*~tactically~*~*~ (stealth).
   335 | D:1      | Reached XP level 2. HP: 19/19 MP: 2/2
   360 | D:1      | Found a faded altar of an unknown god.
   765 | D:1      | 765 ||| READING scroll labelled FAOTUMPINNE.
   766 | D:1      | 766 ||| READING scroll labelled ONIRODOOMU.
   767 | D:1      | 767 ||| READING scroll labelled ADAONE OCRURCH.
   768 | D:1      | 768 ||| DRINKING 2 fuming dark potions.
   795 | D:1      | 795 ||| DRINKING 2 fizzy clear potions.
   796 | D:1      | 796 ||| DRINKING 2 fizzy silvery potions.
   797 | D:1      | 797 ||| DROPPING potion of invisibility.
  1048 | D:2      | Found a runed translucent door.
  1049 | D:2      | Noticed Crazy Yiuf
  1178 | D:2      | 1178 ||| Stepping ~*~*~tactically~*~*~ (stealth).
  1179 | D:2      | Noticed Robin
  1184 | D:2      | Reached skill level 3 in Axes
  1185 | D:2      | Reached XP level 3. HP: 12/23 MP: 3/3
  1188 | D:2      | HP: 1/23 [goblin/+0 club[Robin] (5)]
  1188 | D:2      | Slain by a goblin

Levels and vault maps discovered:
D:1:      dpeg_arrival_tiny_d, layout_loops_ring, basic_ecumenical_altar
D:2:      kennysheep_six_static_rooms, layout_loops_ring,
          hangedman_decor_opposing, uniq_crazy_yiuf_cottage, uniq_robin

Skill      XL: |  1  2 |
---------------+-------+-----
Axes           | 2 3 |  3.2
Fighting       | |  3.2
Armour         | |  3.2
Shields        | |  3.2

Action                   || total
-------------------------++-------
Melee: War axe           ||    60
  Use: Scroll            ||     3
       Potion            ||     3
Armor: Scale mail        ||    40
Dodge: Dodged            ||    34
Block: Buckler           ||    16

Table legend:
 A = Non-vault XP
 B = Vault XP
 C = Vault XP percentage of total XP
 D = Non-vault monster count
 E = Vault monster count
 F = Vault count percentage of total count
                 A         B        C        D         E       F
            +---------+---------+-------+---------+---------+-------
      Total |      30 |      15 |  33.3 |      18 |       8 |  30.8
            +---------+---------+-------+---------+---------+-------
        D:1 |      19 |       0 |   0.0 |      11 |       0 |   0.0
        D:2 |      11 |      15 |  57.7 |       7 |       8 |  53.3
            +---------+---------+-------+---------+---------+-------
